 Dungeon Crawl Stone Soup version 0.30-a0-272-gf98c3da03f (webtiles) character file.

Game seed: 4086712323710928541

178 freelancePsychic the Slasher (level 5, 0/41 HPs)
             Began as a Merfolk Warper on Oct 15, 2022.
             Was a Believer of Uskayaw.
             Engulfed by a steam dragon's steam (8 damage)
             ... on level 4 of the Dungeon.
             The game lasted 00:05:24 (3348 turns).

freelancePsychic the Slasher (Merfolk Warper)       Turns: 3348, Time: 00:05:25

Health: 0/41       AC:  6    Str: 11    XL:     5   Next: 58%
Magic:  8/8        EV: 15    Int: 13    God:    Uskayaw [**....]
Gold:   102        SH:  0    Dex: 15    Spells: 8/8 levels left

rFire   . . .      SeeInvis .    u - +0 short sword (drain)
rCold   . . .      Faith    .    (no shield)
rNeg    . . .      Spirit   .    r - +0 ring mail
rPois   .          Reflect  .    (no helmet)
rElec   .          Harm     .    (no cloak)
rCorr   .          Rampage  .    (no gloves)
Will    .....                    o - +0 pair of boots
Stlth   +.........               (no amulet)
HPRegen 0.26/turn                p - +4 ring of evasion
MPRegen 0.11/turn                (no ring)

@: no status effects
A: (nimble swimmer 2), mertail
a: Renounce Religion, Stomp, Line Pass


You were on level 4 of the Dungeon.
You worshipped Uskayaw.
Uskayaw was noncommittal.
You visited 1 branch of the dungeon, and saw 4 of its levels.

You collected 102 gold pieces.

Inventory:

Hand Weapons
 a - a +0 falchion
 u - a +0 short sword of draining (weapon)
Missiles
 q - 2 silver boomerangs
 v - a throwing net
Armour
 b - a +0 leather armour
 o - a +0 pair of boots (worn)
 r - a +0 ring mail (worn)
Jewellery
 p - a +4 ring of evasion (left hand)
Scrolls
 e - 2 scrolls of teleportation {@r4}
 j - a scroll of enchant weapon
 n - a scroll of noise
 s - a scroll of enchant armour
Potions
 f - a potion of haste {@q3}
 g - 2 potions of flight
 i - 2 potions of mutation {unknown}
 k - 2 potions of might {unknown}
 l - a potion of magic {unknown}
 m - a potion of invisibility {unknown}
 t - a potion of curing {unknown}


   Skills:
 + Level 3.5 Fighting
 * Level 1.3(3.3) Short Blades
 - Level 4.8(4.9) Long Blades
 - Level 1.0 Throwing
 - Level 0.6 Armour
 - Level 3.6 Dodging
 + Level 0.8 Stealth
 - Level 2.0 Spellcasting
 - Level 2.4 Translocations
 - Level 1.1 Invocations


You had 8 spell levels left.
You didn't know any spells.
Your spell library contained the following spells:

 Spells                   Type           Power      Damage    Failure   Level
 Blink                    Tloc           14%        N/A       34%         2
 Shock                    Conj/Air       4%         1d3       52%         1
 Lesser Beckoning         Tloc           14%        N/A       56%         3
 Teleport Other           Tloc           7%         N/A       56%         3
 Sublimation of Blood     Necr           1%         N/A       67%         2
 Vhi's Electric Charge    Tloc/Air       8%         N/A       75%         3
 Swiftness                Air            1%         N/A       88%         3
 Manifold Assault         Tloc           7%         N/A       93%         4
 Airstrike                Air            0%         2d(1-17)  99%         4
 Petrify                  Tmut/Erth      1%         N/A       99%         4
 Irradiate                Conj/Tmut      0%         3d11      100%        5


Dungeon Overview and Level Annotations

Branches:
Dungeon (4/15)
 Temple: D:4-7

Altars:
Gozag
Ru
Uskayaw

Annotations:
D:3 Pikel


Innate Abilities, Weirdness & Mutations

((You are very nimble when in or above water. (Stealth+, EV+, Speed+++)))
Your lower body shifts to a powerful aquatic tail in water.


Message History

The steam dragon claws you but does no damage.
The ball python closely misses you. The ball python barely misses you.
You hit the steam dragon but do no damage.
The steam dragon is severely wounded.
The steam dragon barely misses you.
The steam dragon claws you but does no damage.
The ball python bites you. The ball python barely misses you.
You hit the steam dragon but do no damage.
You drain the steam dragon.
The steam dragon is severely wounded.
You hit the ball python.
You kill the ball python!
The steam dragon bites you but does no damage.
The steam dragon barely misses you.
Uskayaw will force your foes to helplessly watch your dance.
Uskayaw prepares the audience for your solo!
The goblin is no longer paralysed.
The steam dragon is no longer paralysed.
You barely miss the steam dragon.
The steam dragon is severely wounded.
The steam dragon breathes steam at you. The ball of steam misses you.
You barely miss the steam dragon.
The steam dragon is severely wounded.
You are engulfed in a cloud of scalding steam.
The steam dragon bites you.
* * * LOW HITPOINT WARNING * * *
The steam dragon barely misses you.
You closely miss the steam dragon.
The steam dragon is severely wounded.
You are engulfed in a cloud of scalding steam.
* * * LOW HITPOINT WARNING * * *
The steam dragon bites you but does no damage.
The steam dragon claws you but does no damage.
The goblin hits you with a +0 club.
* * * LOW HITPOINT WARNING * * *
You hit the steam dragon.
The steam dragon is almost dead.
You are engulfed in a cloud of scalding steam.
You die...

##.....## ##...##
#######'##
......#.#######
#.........#
#.#.#####.#
#§...##
..##§§§.g###.##.#
#...§.§@D.......#
####§#§#####.####
...### ###. ##


You could see a steam dragon (very drained) and a goblin.

Vanquished Creatures
  A lemure (D:4)
  An orc wizard (D:3)
  4 adders
  4 gnolls (D:3)
  A dart slug (D:2)
  2 worms
  3 orcs (D:3)
  5 ball pythons
  5 bats
  6 endoplasms
  2 giant cockroaches
  7 goblins
  6 hobgoblins
  6 jackals (D:1)
  5 kobolds
  4 quokkas
  A frilled lizard (D:1)
  2 rats
65 creatures vanquished.

Notes
Turn   | Place    | Note
-------+----------+-------------------------------------------
     0 | D:1      | freelancePsychic the Merfolk Warper began the quest for the
                  | Orb.
     0 | D:1      | Reached XP level 1. HP: 16/16 MP: 3/3
   148 | D:1      | Reached XP level 2. HP: 23/23 MP: 5/5
   154 | D:1      | Reached skill level 3 in Long Blades
   506 | D:1      | Reached XP level 3. HP: 25/28 MP: 6/6
   894 | D:2      | Found a hide-covered altar of Uskayaw.
  1251 | D:2      | Reached skill level 4 in Long Blades
  1251 | D:2      | Reached XP level 4. HP: 26/35 MP: 7/7
  1732 | D:2      | Became a worshipper of Uskayaw the Reveller
  1749 | D:3      | Found an opulent altar of Gozag.
  1788 | D:3      | Reached * piety under Uskayaw
  1893 | D:3      | Reached ** piety under Uskayaw
  1897 | D:3      | Reached *** piety under Uskayaw
  1900 | D:3      | Reached **** piety under Uskayaw
  2341 | D:3      | Found a sacrificial altar of Ru.
  2367 | D:3      | Reached skill level 1 in Invocations
  2367 | D:3      | Reached XP level 5. HP: 14/41 MP: 8/8
  2694 | D:3      | Reached skill level 1 in Short Blades
  2853 | D:4      | Noticed Pikel
  2853 | D:4      | Noticed a lemure
  2853 | D:4      | Noticed a lemure
  2853 | D:4      | Noticed a lemure
  2853 | D:4      | Noticed a lemure
  3264 | D:4      | Killed a lemure
  3322 | D:4      | Noticed a steam dragon
  3348 | D:4      | Engulfed by a steam dragon's steam

Illustrated notes

Levels and vault maps discovered:
D:1:      dpeg_arrival_fog, layout_loops_ring, chequers_serial_rivers_small_3,
          hangedman_feature_mirror
D:2:      layout_loops_ring, basic_altar
D:3:      layout_rooms, grunt_gozag_breadcrumbs,
          mainiacjoe_overflow_surrounded_room
D:4:      layout_loops_corners, ebering_ghost_gozag, uniq_ijyb, uniq_pikel,
          uniq_eustachio

Skill      XL: |  1  2  3  4  5 |
---------------+----------------+-----
Dodging        | 3 |  3.6
Long Blades    | 3 4 |  4.8
Fighting       | 3 |  3.5
Invocations    | 1 |  1.1
Short Blades   | 1 |  1.3
Throwing       | |  1.0
Armour         | |  0.6
Stealth        | |  0.8
Spellcasting   | |  2.0
Translocations | |  2.4

Action                   |  1- 3 |  4- 6 || total
-------------------------+-------+-------++-------
Melee: Falchion          |   124 |    87 ||   211
       Punch             |     1 |     4 ||     5
       Short sword       |       |    83 ||    83
Throw: Boomerang         |       |     7 ||     7
       Throwing net      |       |     1 ||     1
  Use: Scroll            |     1 |     8 ||     9
       Potion            |       |     2 ||     2
 Stab: Sleeping          |     1 |     1 ||     2
       Paralysed         |       |     3 ||     3
Armor: Leather armour    |    30 |     5 ||    35
       Ring mail         |       |    37 ||    37
Dodge: Dodged            |    91 |   139 ||   230

Table legend: (Time is in decaauts)
 A = Elapsed time spent in this place.
 B = Non-inter-level travel time spent in this place.
 C = Inter-level travel time spent in this place.
 D = Time resting spent in this place.
 E = Time spent auto-exploring this place.
 F = Levels seen in this place.
 G = Mean time per level.
                   A        B        C        D        E       F      G
               +--------+--------+--------+--------+--------+-----+--------+
         Total |   3361 |   3108 |    253 |    182 |   2324 |   4 |  840.2 |
       Dungeon |   3361 |   3108 |    253 |    182 |   2324 |   4 |  840.2 |
               +--------+--------+--------+--------+--------+-----+--------+

Top non-repeatable levels by time:
     D:3: 1238 daAuts
     D:2: 1122 daAuts
     D:1: 898 daAuts
     D:4: 102 daAuts
